[Event "Titled Tuesday Blitz June 27 Late 2023"]
[White "Martinez Ramirez, Lennis"]
[Black "Gertler, David"]
[WhiteFideId "3509079"]
[BlackFideId "2017377"]
[WhiteElo "2616"]
[BlackElo "2299"]
[Result "1-0"]
[Round "1"]
[TimeControl "180+2"]
[Date "2023.06.27"]
[WhiteClock "0:00:04"]
[BlackClock "0:00:01"]
[Board "137"]

1. c4 Nf6 2. Nc3 e6 3. d4 Bb4 4. Bd2 O-O 5. e3 b6 6. Bd3 Bb7 7. Nf3 Bxc3 8. Bxc3 Ne4 9. Rc1 d6 10. O-O Nxc3 11. Rxc3 Qe7 12. b4 c5 13. bxc5 dxc5 14. d5 e5 15. d6 Qf6 16. Qc2 g6 17. Be4 Nc6 18. Rd1 Rad8 19. d7 Qe7 20. Qd2 Na5 21. Bxb7 Nxb7 22. h4 Na5 23. Qd5 Kg7 24. e4 f6 25. Rcd3 Qf7 26. Qd6 Nxc4 27. Qc6 Nb2 28. R3d2 Nxd1 29. Rxd1 Qe7 30. g4 Rf7 31. g5 f5 32. Rd6 Rxd7 33. Re6 Qd8 34. Nxe5 Rd1+ 35. Kg2 Qf8 36. Rxg6+ Kh8 37. Nxf7+ 1-0


[Site "https://www.chess.com"]

[Event "Titled Tuesday Blitz June 27 Late 2023"]
[White "Nathan, Nitish"]
[Black "Piesik, Piotr"]
[WhiteFideId "30927870"]
[BlackFideId "1136194"]
[WhiteElo "2293"]
[BlackElo "2614"]
[Result "0-1"]
[Round "1"]
[TimeControl "180+2"]
[Date "2023.06.27"]
[WhiteClock "0:00:14"]
[BlackClock "0:01:02"]
[Board "138"]

1. d4 c5 2. d5 e5 3. e4 d6 4. c4 Be7 5. Bd3 Bg5 6. Nf3 Bxc1 7. Qxc1 Ne7 8. h3 O-O 9. g4 Ng6 10. Nc3 Nd7 11. Ne2 Nh4 12. Nxh4 Qxh4 13. Ng3 g6 14. Qe3 a6 15. O-O-O b5 16. Rhg1 Nb6 17. Nf5 gxf5 18. gxf5+ Kh8 19. Rg4 Qf6 20. Rdg1 Bd7 21. Rg7 Rg8 22. Rxg8+ Rxg8 23. Rxg8+ Kxg8 24. Qg3+ Kf8 25. cxb5 axb5 26. h4 h6 27. Qg4 c4 28. Be2 Qg7 29. Qxg7+ Kxg7 30. Bg4 Kf6 31. Kc2 b4 32. Kd2 Bb5 33. Bh3 Na4 34. Kc2 Nc5 35. f3 Ba4+ 36. Kd2 Nd3 37. b3 cxb3 38. axb3 Bxb3 39. Kxd3 Ke7 40. Kd2 Bc4 41. Kc2 f6 42. Bg4 Kd8 43. Bh5 Kc7 44. Kb2 Kb6 45. Kc2 Kc5 46. Kd2 Kd4 47. Kc2 Ke3 48. Kb2 Be2 49. Kb3 Bxf3 50. Bf7 Bxe4 51. Kxb4 Kd4 52. Be6 Bxd5 53. Kb5 e4 54. Kb6 e3 55. Kc7 e2 56. Kxd6 Bf3 0-1


[Site "https://www.chess.com"]

[Event "Titled Tuesday Blitz June 27 Late 2023"]
[White "Andrej2004"]
[Black "Ward, Ieuan C"]
[BlackFideId "406627"]
[WhiteElo "2612"]
[BlackElo "2288"]
[Result "1-0"]
[Round "1"]
[TimeControl "180+2"]
[Date "2023.06.27"]
[WhiteClock "0:00:44"]
[BlackClock "0:00:02"]
[Board "139"]

1. g3 e6 2. Bg2 d5 3. b3 Nf6 4. Bb2 Be7 5. d3 O-O 6. Nf3 c5 7. O-O Nc6 8. Nbd2 b6 9. e4 Bb7 10. Re1 Qc7 11. exd5 exd5 12. Ne5 Rfe8 13. Nxc6 Bxc6 14. Qf3 Rac8 15. Be5 Qd7 16. d4 cxd4 17. Bxd4 Ne4 18. Nxe4 dxe4 19. Qe3 Bb4 20. c3 Bf8 21. Rad1 Qf5 22. h4 Rc7 23. Kh2 h6 24. Bh3 Qa5 25. Qf4 Rce7 26. Re2 Bb5 27. c4 Bc6 28. a4 Qb4 29. Re3 Qa5 30. Rde1 Rd8 31. Bc3 Qc5 32. Bf5 Rde8 33. Rd1 g6 34. Bh3 Bg7 35. Bxg7 Kxg7 36. Rd6 Bb7 37. Qf6+ Kg8 38. Qf4 h5 39. Qf6 Qe5 40. Qxe5 Rxe5 41. Rd7 R5e7 42. Rd6 Bc8 43. Bg2 Bf5 44. Kg1 Re6 45. Rd7 R6e7 46. Rd4 Kg7 47. Kf1 Re5 48. Ke2 Kf6 49. Kd2 R8e7 50. Kc3 Re8 51. Rd6+ R5e6 52. Rd4 Re5 53. b4 R5e7 54. Bf1 Re5 55. Rd6+ R5e6 56. Rd7 R6e7 57. Rd4 Re5 58. Be2 Kg7 59. b5 Kf6 60. Kb4 Rc8 61. a5 Rec5 62. axb6 axb6 63. Rd6+ Kg7 64. Rxb6 R5c7 65. Rd6 Re8 66. c5 Rce7 67. c6 Re5 68. b6 Ra8 69. Bb5 Rb8 70. b7 Be6 71. Rxe6 Rxe6 72. c7 Rxb7 73. c8=Q Reb6 74. Qc3+ Kg8 75. Qc5 Rxb5+ 76. Qxb5 Rxb5+ 77. Kxb5 1-0


[Site "https://www.chess.com"]

[Event "Titled Tuesday Blitz June 27 Late 2023"]
[White "Vaglio Munoz, Jaime"]
[Black "De La Villa Garcia, Jesus Maria"]
[WhiteFideId "6500145"]
[BlackFideId "2200040"]
[WhiteElo "2282"]
[BlackElo "2612"]
[Result "0-1"]
[Round "1"]
[TimeControl "180+2"]
[Date "2023.06.27"]
[WhiteClock "0:00:08"]
[BlackClock "0:01:27"]
[Board "140"]

1. Nf3 d5 2. c4 d4 3. e3 Nc6 4. a3 e5 5. b4 e4 6. Nxd4 Nxd4 7. exd4 Qxd4 8. Nc3 Nf6 9. h3 a5 10. Rb1 axb4 11. axb4 Be6 12. Nb5 Qd7 13. c5 c6 14. Nc3 Be7 15. Qe2 O-O 16. g3 Bf5 17. Bg2 e3 18. Rb2 exf2+ 19. Qxf2 Rfe8 20. O-O Bxh3 21. d4 Bxg2 22. Kxg2 Bf8 23. Bf4 Rad8 24. Rd2 Nd5 25. Nxd5 Qxd5+ 26. Qf3 g6 27. Qxd5 Rxd5 28. Kf3 Bg7 29. Rfd1 Red8 30. Be3 f5 31. Bg5 R8d7 32. Ke3 h6 33. Bf4 g5 34. Bd6 Bf8 35. Bxf8 Kxf8 36. Rh1 Kg7 37. Rf1 Kg6 38. Rb1 Re7+ 39. Kf3 Re4 40. b5 Rexd4 41. Rxd4 Rxd4 42. bxc6 bxc6 43. Rb6 Rd3+ 44. Kf2 Kh5 45. Rxc6 Kg4 46. Rxh6 Rxg3 47. c6 Rc3 48. Ke2 f4 49. Kd2 Rc5 50. Kd3 Kg3 51. Kd4 Rc1 52. Kd5 g4 53. Rh8 f3 54. Ra8 f2 55. Ra3+ Kg2 56. Ra2 g3 57. Kd6 Kg1 58. Ra3 g2 59. Ra2 f1=Q 60. Kc7 Qc4 61. Ra7 Qxc6+ 62. Kd8 Re1 63. Rd7 Qxd7+ 64. Kxd7 Kf1 0-1


[Site "https://www.chess.com"]

[Event "Titled Tuesday Blitz June 27 Late 2023"]
[White "Megalios, Konstantinos"]
[Black "Zampronha, Wladimir Camilo"]
[WhiteFideId "4238044"]
[BlackFideId "2103087"]
[WhiteElo "2608"]
[BlackElo "2281"]
[Result "0-1"]
[Round "1"]
[TimeControl "180+2"]
[Date "2023.06.27"]
[WhiteClock "0:00:00"]
[BlackClock "0:00:43"]
[Board "141"]

1. Nf3 Nf6 2. b3 e6 3. Bb2 d5 4. g3 Be7 5. Bg2 O-O 6. O-O c5 7. e3 Nc6 8. d4 b6 9. c4 Ba6 10. Nbd2 Rc8 11. Re1 Qc7 12. cxd5 exd5 13. Rc1 Qb8 14. Bh3 Rcd8 15. dxc5 bxc5 16. Bxf6 Bxf6 17. Rxc5 Nb4 18. Bf1 Bxf1 19. Nxf1 Nxa2 20. Rxd5 Nc3 21. Rxd8 Rxd8 22. Qc2 Qb5 23. Nd4 Bxd4 24. exd4 Nd5 25. Qc4 Qb7 26. Ne3 g6 27. Nxd5 Qxd5 28. Re8+ Kg7 29. Rxd8 Qxd8 30. d5 Qd6 31. b4 Kf6 32. Qd4+ Qe5 33. Qd2 Ke7 34. Kf1 Kd6 35. Qa2 Qxd5 36. Qxa7 Qd1+ 37. Kg2 Qd5+ 38. Kg1 Qd1+ 39. Kg2 Qd5+ 40. f3 Qd2+ 41. Qf2 Qxb4 42. Qe2 Qb7 43. h4 Qe7 44. Qb2 h5 45. Kf2 Qa7+ 46. Ke2 Qe7+ 47. Kd3 Qe6 48. Qb4+ Kd7 49. Qb7+ Ke8 50. Qe4 Ke7 51. Kd4 Kd6 52. Qf4+ Ke7 53. Qe5 Kd7 0-1


[Site "https://www.chess.com"]

[Event "Titled Tuesday Blitz June 27 Late 2023"]
[White "Sarkar, Justin"]
[Black "lagarto93"]
[WhiteFideId "2010011"]
[WhiteElo "2280"]
[BlackElo "2605"]
[Result "0-1"]
[Round "1"]
[TimeControl "180+2"]
[Date "2023.06.27"]
[WhiteClock "0:00:00"]
[BlackClock "0:01:39"]
[Board "142"]

1. e4 e6 2. d4 d5 3. Nc3 Nf6 4. e5 Nfd7 5. Be3 c5 6. f4 Nc6 7. Nf3 cxd4 8. Nxd4 Bc5 9. Qd2 O-O 10. O-O-O a6 11. Qf2 Nxd4 12. Bxd4 b6 13. h4 Bb7 14. h5 Rc8 15. h6 g6 16. g4 b5 17. g5 b4 18. Ne2 Qb6 19. Kb1 a5 20. Bxc5 Nxc5 21. Bg2 a4 22. Qd4 Ba6 23. Ng1 b3 24. cxb3 axb3 25. a3 Qc6 26. Rc1 Bd3+ 27. Ka1 Bc4 28. Rxc4 Qb5 29. Rc1 Nd3 30. Rxc8 Rxc8 31. Nf3 Rc4 0-1


[Site "https://www.chess.com"]

[Event "Titled Tuesday Blitz June 27 Late 2023"]
[White "Camacho Collados, Marcos"]
[Black "Coelho, Ramyres Santana"]
[WhiteFideId "2266237"]
[BlackFideId "2120690"]
[WhiteElo "2604"]
[BlackElo "2280"]
[Result "0-1"]
[Round "1"]
[TimeControl "180+2"]
[Date "2023.06.27"]
[WhiteClock "0:00:59"]
[BlackClock "0:00:19"]
[Board "143"]

1. Nf3 Nf6 2. b3 g6 3. Bb2 Bg7 4. g3 O-O 5. Bg2 Nh5 6. d4 c5 7. O-O cxd4 8. Bxd4 Nc6 9. Bxg7 Nxg7 10. c4 d6 11. Nc3 Bg4 12. h3 Bxf3 13. Bxf3 Qd7 14. Bg2 a6 15. Nd5 Qd8 16. Qd2 e6 17. Nc3 Qe7 18. Rad1 Rfd8 19. Rfe1 Ne8 20. h4 Rac8 21. h5 gxh5 22. Qh6 Qf6 23. Qe3 h4 24. Ne4 Qe7 25. g4 Ne5 26. g5 Ng6 27. Qf3 d5 28. cxd5 exd5 29. Nf6+ Nxf6 30. gxf6 Qe5 31. Rxd5 Rxd5 32. Qxd5 Qxd5 33. Bxd5 Rc7 34. e3 Ne5 35. f4 Ng4 36. Rd1 Nxe3 37. Rd3 Nxd5 38. Rxd5 h6 39. Kg2 Rc2+ 40. Kf3 Rxa2 41. f5 h3 42. Rd8+ Kh7 43. Rd1 h2 44. Kg3 h5 45. Kh3 Kh6 46. Kh4 Rg2 47. Rh1 Rf2 48. Kg3 Rxf5 49. Rxh2 Rxf6 50. Rc2 Rc6 51. Rd2 Kg6 52. Rd8 b5 53. Rg8+ Kf6 54. Rh8 Kg7 55. Ra8 Rc3+ 56. Kh4 Rxb3 57. Rxa6 Rb1 58. Kxh5 b4 59. Kg4 b3 60. Kg3 b2 61. Kg2 Rc1 0-1


[Site "https://www.chess.com"]

[Event "Titled Tuesday Blitz June 27 Late 2023"]
[White "Taranenko, Evgueniy"]
[Black "Bitoon, Richard"]
[WhiteFideId "14122138"]
[BlackFideId "5201110"]
[WhiteElo "2279"]
[BlackElo "2601"]
[Result "1-0"]
[Round "1"]
[TimeControl "180+2"]
[Date "2023.06.27"]
[WhiteClock "0:00:13"]
[BlackClock "0:00:16"]
[Board "144"]

1. e4 e5 2. Nf3 Nc6 3. Bc4 Nf6 4. Ng5 d5 5. exd5 Nd4 6. c3 b5 7. Bf1 Nxd5 8. cxd4 Qxg5 9. Bxb5+ Kd8 10. O-O Bb7 11. Qf3 Rb8 12. d3 Qg6 13. Qg3 exd4 14. Nd2 Nf4 15. Re1 Bd6 16. Qxg6 hxg6 17. g3 Nh3+ 18. Kf1 Ng5 19. h4 Ne6 20. Bc4 g5 21. Bxe6 fxe6 22. Nc4 gxh4 23. gxh4 Kd7 24. Bg5 Ba6 25. b3 Bb4 26. Re4 Bc3 27. Ne5+ Kc8 28. Rd1 Kb7 29. Nd7 Rbe8 30. Nc5+ Kb6 31. Na4+ Kc6 32. Nxc3 dxc3 33. Ke2 Kd7 34. Rc1 Bb7 35. Rd4+ Bd5 36. Rxc3 Kd6 37. Ra4 Ra8 38. d4 Rhf8 39. Ra6+ Kd7 40. Ra5 Rf5 41. Ke1 a6 42. Rac5 Ra7 43. Be3 Rb7 44. Kd2 Rf8 45. Kc1 Ra8 46. Kb2 a5 47. Bf4 Raa7 48. Bg3 a4 49. Be5 axb3 50. axb3 c6 51. Bxg7 Ra6 52. h5 Rab6 53. h6 Rxb3+ 54. Rxb3 Rxb3+ 55. Kc2 Rh3 56. Kd2 Kd6 57. Ra5 Rh2 58. Be5+ 1-0


[Site "https://www.chess.com"]

[Event "Titled Tuesday Blitz June 27 Late 2023"]
[White "HamedWafa4"]
[Black "Bolanos, Fernando"]
[BlackFideId "3304094"]
[WhiteElo "2600"]
[BlackElo "2279"]
[Result "1-0"]
[Round "1"]
[TimeControl "180+2"]
[Date "2023.06.27"]
[WhiteClock "0:00:35"]
[BlackClock "0:00:14"]
[Board "145"]

1. e4 c5 2. Nf3 d6 3. c4 e5 4. g3 Nc6 5. Bg2 g6 6. O-O Bg7 7. Ne1 Nge7 8. Nc3 O-O 9. Nc2 f5 10. exf5 Bxf5 11. d3 Qd7 12. Be3 Bh3 13. Qd2 Nd4 14. Bxd4 cxd4 15. Nd5 Bxg2 16. Nxe7+ Qxe7 17. Kxg2 h5 18. Qe2 Rac8 19. Nb4 Qg5 20. h4 Qf5 21. Nd5 Rf7 22. f3 Bh6 23. Qe4 b5 24. b3 Kf8 25. Rae1 bxc4 26. bxc4 Rb8 27. Rb1 Rfb7 28. Qxf5+ gxf5 29. Rxb7 Rxb7 30. Rf2 Be3 31. Re2 Kf7 32. f4 Ke6 33. Kf3 Bc1 34. fxe5 dxe5 35. Nf4+ Bxf4 36. gxf4 Rb1 37. Rxe5+ Kf6 38. Rd5 Rf1+ 39. Kg3 Rg1+ 40. Kf2 Ra1 41. Rd6+ Ke7 42. Rxd4 Rxa2+ 43. Ke3 Rh2 44. Rd5 Rh3+ 45. Kd4 Kf6 46. Rd6+ Kf7 47. Ke5 Rxh4 48. Kxf5 Rh1 49. Rd7+ Ke8 50. Rxa7 h4 51. Ke6 h3 52. Ra8# 1-0


[Site "https://www.chess.com"]

[Event "Titled Tuesday Blitz June 27 Late 2023"]
[White "rionelG"]
[Black "Sun, Rick"]
[BlackFideId "30909481"]
[WhiteElo "2274"]
[BlackElo "2600"]
[Result "0-1"]
[Round "1"]
[TimeControl "180+2"]
[Date "2023.06.27"]
[WhiteClock "0:00:00"]
[BlackClock "0:00:04"]
[Board "146"]

1. e4 e5 2. Nf3 Nc6 3. d4 exd4 4. Nxd4 Bc5 5. Nxc6 Qf6 6. Qf3 Qxf3 7. gxf3 dxc6 8. Be3 Bxe3 9. fxe3 Be6 10. Rg1 g6 11. Nd2 Ke7 12. Nb3 b6 13. Nd4 Bd7 14. a4 Nf6 15. Ba6 Rab8 16. b4 Rhd8 17. Ke2 Nh5 18. c3 c5 19. Nc2 Ng7 20. Bc4 Be6 21. Bxe6 Nxe6 22. b5 Rd7 23. Rgd1 Rxd1 24. Rxd1 h5 25. Na3 f6 26. Nc4 g5 27. Rb1 Ra8 28. a5 g4 29. f4 h4 30. Ra1 Rg8 31. e5 g3 32. hxg3 hxg3 33. Kf3 g2 34. Rg1 bxa5 35. Nxa5 fxe5 36. fxe5 Ng5+ 37. Kxg2 Nh3+ 38. Kxh3 Rxg1 39. Nc6+ Ke6 40. Nxa7 Kxe5 41. Nc6+ Ke4 42. Nd8 Rg7 43. Ne6 Rh7+ 44. Kg4 Kxe3 45. Nxc5 Kd2 0-1


[Site "https://www.chess.com"]

[Event "Titled Tuesday Blitz June 27 Late 2023"]
[White "MKlose11"]
[Black "Boder, Jan"]
[BlackFideId "16243226"]
[WhiteElo "2598"]
[BlackElo "2272"]
[Result "1-0"]
[Round "1"]
[TimeControl "180+2"]
[Date "2023.06.27"]
[WhiteClock "0:00:24"]
[BlackClock "0:00:00"]
[Board "147"]

1. e4 c5 2. Nc3 Nc6 3. g3 g6 4. Bg2 Bg7 5. d3 Rb8 6. Be3 Nd4 7. Qd2 b5 8. Nd1 b4 9. c3 bxc3 10. bxc3 Ne6 11. Ne2 d6 12. O-O h5 13. h3 Nh6 14. f4 f5 15. d4 Qa5 16. d5 Nc7 17. e5 Ba6 18. Re1 O-O 19. Nf2 Nb5 20. a4 Nc7 21. Rec1 Rb3 22. Bf3 Rfb8 23. Rc2 Rb1+ 24. Rc1 R1b2 25. Rc2 Rb1+ 26. Rxb1 Rxb1+ 27. Kg2 Qxa4 28. Ra2 Qb5 29. Qc2 Qb3 30. Qd2 Bc4 31. Rxa7 Rb2 32. Qe1 Nb5 33. Rxe7 Bxd5 34. Ng1 Nxc3 35. exd6 Bxf3+ 36. Nxf3 Ne4 37. d7 Nf7 38. Rxf7 Kxf7 39. d8=Q Rb1 40. Bc1 Bf6 41. Qd7+ Kg8 42. Nxe4 fxe4 43. Qxe4 Qa2+ 44. Bd2 1-0


[Site "https://www.chess.com"]

[Event "Titled Tuesday Blitz June 27 Late 2023"]
[White "Kohler, Aran"]
[Black "Aldokhin, Ivan"]
[WhiteFideId "1002856"]
[BlackFideId "24115720"]
[WhiteElo "2269"]
[BlackElo "2597"]
[Result "0-1"]
[Round "1"]
[TimeControl "180+2"]
[Date "2023.06.27"]
[WhiteClock "0:00:00"]
[BlackClock "0:00:18"]
[Board "148"]

1. d4 Nf6 2. c3 c5 3. e3 cxd4 4. exd4 g6 5. Bd3 Bg7 6. Bg5 d6 7. h4 h6 8. Bxf6 Bxf6 9. h5 g5 10. Nd2 Nc6 11. Ne4 Bg7 12. Ng3 e6 13. Qe2 O-O 14. O-O-O d5 15. Nf3 f5 16. Ne5 Nxe5 17. dxe5 Bd7 18. Kb1 f4 19. Nf1 Qc7 20. Re1 b5 21. Nd2 b4 22. c4 Bc6 23. f3 Rfd8 24. Rc1 Qxe5 25. Qxe5 Bxe5 26. Rhe1 Bg7 27. Rxe6 Bd7 28. Rd6 dxc4 29. Bxc4+ Kf8 30. Ne4 Bf5 31. Rcd1 Ke7 32. Rxd8 Rxd8 33. Rxd8 Kxd8 34. Kc1 Ke7 35. Nf2 Bd7 36. b3 Be8 37. Nd3 Bc3 38. a3 bxa3 39. Kb1 a5 40. Ka2 Bb4 41. Ba6 Bxh5 42. Bc8 Bg6 43. Ne5 Bh7 44. Bg4 Bg8 45. Nc6+ Kd6 46. Nd4 Kc5 47. Nf5 a4 48. Nxh6 Bxb3+ 49. Kb1 Bc3 0-1


[Site "https://www.chess.com"]

[Event "Titled Tuesday Blitz June 27 Late 2023"]
[White "Atanasov, Anthony"]
[Black "Cluke86"]
[WhiteFideId "2623897"]
[WhiteElo "2597"]
[BlackElo "2251"]
[Result "1-0"]
[Round "1"]
[TimeControl "180+2"]
[Date "2023.06.27"]
[WhiteClock "0:02:24"]
[BlackClock "0:01:46"]
[Board "149"]

1. d4 d6 2. Nf3 Nd7 3. e4 Ngf6 4. Bc4 Nxe4 5. Qe2 Ndf6 6. Nbd2 d5 7. Bd3 Nxd2 8. Bxd2 Bg4 9. O-O-O e6 10. h3 Bh5 11. g4 Bg6 12. Ne5 Bxd3 13. Qxd3 c6 14. f4 Ne4 15. f5 Nf2 16. Qf3 Nxd1 17. fxe6 f6 18. Nf7 Qb6 19. Rxd1 Rg8 20. Qf5 g6 21. Qxf6 Bg7 22. Nd6# 1-0


[Site "https://www.chess.com"]

[Event "Titled Tuesday Blitz June 27 Late 2023"]
[White "StarkyNZ"]
[Black "Isajevsky, Anton"]
[BlackFideId "4142500"]
[WhiteElo "2250"]
[BlackElo "2596"]
[Result "0-1"]
[Round "1"]
[TimeControl "180+2"]
[Date "2023.06.27"]
[WhiteClock "0:02:14"]
[BlackClock "0:02:40"]
[Board "150"]

1. c4 e6 2. d4 d5 3. Nf3 Nf6 4. Nc3 Be7 5. cxd5 exd5 6. Bf4 c6 7. e3 Bf5 8. Bd3 Bxd3 9. Qxd3 Nbd7 10. O-O O-O 11. Rab1 a5 12. a3 Re8 13. b4 axb4 14. axb4 b5 15. Ne5 Nxe5 16. Bxe5 Nd7 17. Bg3 Nb6 18. e4 Ra3 19. exd5 Nxd5 20. Rfc1 Bxb4 21. Rxb4 Nxb4 22. Qf5 Rxc3 0-1


[Site "https://www.chess.com"]

[Event "Titled Tuesday Blitz June 27 Late 2023"]
[White "Grinev, Valeriy"]
[Black "Quirke, Jeffrey"]
[WhiteFideId "14117517"]
[BlackFideId "2013029"]
[WhiteElo "2594"]
[BlackElo "2232"]
[Result "1-0"]
[Round "1"]
[TimeControl "180+2"]
[Date "2023.06.27"]
[WhiteClock "0:02:21"]
[BlackClock "0:00:05"]
[Board "151"]

1. d4 e6 2. c4 b6 3. Nc3 Bb7 4. a3 f5 5. d5 Nf6 6. g3 Bd6 7. Bg2 O-O 8. Nh3 Na6 9. O-O Be5 10. Bd2 Nc5 11. Nf4 Bxf4 12. Bxf4 exd5 13. cxd5 Nce4 14. Rc1 c6 15. Nxe4 Nxe4 16. dxc6 dxc6 17. Qb3+ Kh8 18. Rfd1 Qf6 19. Rd7 Ba6 20. Bxe4 fxe4 21. Qe3 Qxb2 22. Rxc6 Qxe2 23. Qxe2 Bxe2 24. Be5 Rg8 25. Rcc7 Rae8 26. Bxg7+ Rxg7 27. Rxg7 Bf3 28. Rxh7+ Kg8 29. Rcg7+ Kf8 30. Rxa7 1-0


[Site "https://www.chess.com"]

[Event "Titled Tuesday Blitz June 27 Late 2023"]
[White "Broca Jimenez, Fernando"]
[Black "ATM622"]
[WhiteFideId "5104742"]
[WhiteElo "2227"]
[BlackElo "2591"]
[Result "0-1"]
[Round "1"]
[TimeControl "180+2"]
[Date "2023.06.27"]
[WhiteClock "0:00:07"]
[BlackClock "0:00:42"]
[Board "152"]

1. d4 Nf6 2. c4 e6 3. Nf3 d5 4. e3 c5 5. Be2 Nc6 6. O-O Be7 7. dxc5 Bxc5 8. cxd5 exd5 9. Nc3 O-O 10. Bd2 d4 11. exd4 Nxd4 12. Bg5 h6 13. Nxd4 Bxd4 14. Bh4 Re8 15. Bb5 Re6 16. Rc1 Rd6 17. Qb3 a6 18. Bc4 Be6 19. Bxe6 Rxe6 20. Rcd1 Qb6 21. Qxb6 Bxb6 22. Bxf6 Rxf6 23. Nd5 Re6 24. Rd2 Rd8 25. Rfd1 Kf8 26. Kf1 Red6 27. Rd3 f6 28. Nf4 Rxd3 29. Rxd3 Rxd3 30. Nxd3 Kf7 31. Ke2 Ke6 32. f3 Kd5 33. Nf4+ Ke5 34. Nd3+ Kd4 35. Nf4 g5 36. Ne6+ Ke5 37. Ng7 f5 38. g3 Bd4 39. b3 Bg1 40. h3 Bh2 41. g4 fxg4 42. hxg4 Kf6 43. Nf5 h5 44. Kd3 h4 45. Ke4 h3 46. Ne3 Bg1 47. Nf1 h2 48. Ng3 Bb6 49. Nh1 Bc7 50. Ke3 Ke5 51. Kf2 Kd4 52. Kg2 Kc3 53. Nf2 Kb2 54. Ne4 Bf4 55. Nc5 Kxa2 56. Nxb7 Kxb3 57. Nc5+ Kc4 58. Nxa6 Kb5 59. Nc7+ Bxc7 60. f4 Bxf4 61. Kh1 Kc4 62. Kg2 Kd3 63. Kh1 Ke4 64. Kg2 Ke3 65. Kh1 Bb8 66. Kg2 Kf4 67. Kh1 Kxg4 68. Kg2 h1=Q+ 69. Kxh1 Kf3 70. Kg1 g4 71. Kh1 g3 72. Kg1 Bc7 73. Kh1 g2+ 74. Kg1 Bb6+ 75. Kh2 g1=Q+ 76. Kh3 Qg3# 0-1


[Site "https://www.chess.com"]

[Event "Titled Tuesday Blitz June 27 Late 2023"]
[White "Wachinger, Nikolas"]
[Black "Luxama, Jacques Muller"]
[WhiteFideId "12962791"]
[BlackFideId "11900113"]
[WhiteElo "2589"]
[BlackElo "2227"]
[Result "1-0"]
[Round "1"]
[TimeControl "180+2"]
[Date "2023.06.27"]
[WhiteClock "0:00:07"]
[BlackClock "0:00:00"]
[Board "153"]

1. d4 Nf6 2. Nf3 e6 3. Bf4 d5 4. Nbd2 Bd6 5. Bg5 h6 6. Bxf6 Qxf6 7. e4 dxe4 8. Nxe4 Qe7 9. Bd3 O-O 10. Qe2 b6 11. Nxd6 cxd6 12. Qe4 f5 13. Qxa8 Qc7 14. d5 e5 15. Nd2 e4 16. Bb5 a6 17. Bc6 b5 18. a4 Qb6 19. axb5 e3 20. fxe3 Qxe3+ 21. Kd1 Nxc6 22. Qxc6 f4 23. Qc3 Bg4+ 24. Kc1 Qe2 25. Qd4 Rc8 26. bxa6 Bf5 27. c3 Qb5 28. a7 Ra8 29. Re1 Qd7 30. Nc4 Bg6 31. Qxf4 Qb5 32. Qd4 Qb3 33. Ne3 1-0


[Site "https://www.chess.com"]

[Event "Titled Tuesday Blitz June 27 Late 2023"]
[White "Rakitic2010"]
[Black "Vdovin, Vadim"]
[BlackFideId "24107158"]
[WhiteElo "2220"]
[BlackElo "2587"]
[Result "0-1"]
[Round "1"]
[TimeControl "180+2"]
[Date "2023.06.27"]
[WhiteClock "0:00:06"]
[BlackClock "0:00:15"]
[Board "154"]

1. e4 c5 2. Nf3 d6 3. d4 cxd4 4. Nxd4 Nf6 5. Nc3 a6 6. f3 e5 7. Nb3 Be6 8. Be3 h5 9. Qd2 Nbd7 10. Nd5 Bxd5 11. exd5 g6 12. O-O-O Nb6 13. Kb1 Nbxd5 14. Bg5 Be7 15. c4 Nf4 16. Bxf4 exf4 17. Qxf4 O-O 18. h4 a5 19. g4 a4 20. Nd4 a3 21. b3 Qa5 22. Bd3 Qe5 23. Qxe5 dxe5 24. Nb5 hxg4 25. fxg4 Nxg4 26. Rd2 Rad8 27. Rg2 Ne3 28. Rd2 Bb4 29. Re2 Rxd3 30. h5 Kg7 31. Nc7 Rc8 32. Nd5 Nxd5 33. cxd5 Rxd5 34. Reh2 g5 35. Rg2 f6 36. Rf1 Rc6 37. Rgf2 Be7 38. Rf3 Kh6 39. R3f2 Rdc5 40. Re2 Kxh5 41. Rh2+ Kg6 42. Rfh1 Kf5 43. Rf2+ Ke6 44. Re2 Rc3 45. Rhe1 Bc5 46. Rd2 Be3 47. Rdd1 Rc2 48. Rxe3 Rb2+ 49. Ka1 Rcc2 50. Rc3 Rxa2+ 51. Kb1 Rcb2+ 52. Kc1 Ra1# 0-1


[Site "https://www.chess.com"]

[Event "Titled Tuesday Blitz June 27 Late 2023"]
[White "Rostomyan, Mikayel"]
[Black "Kornyukov, Alexey"]
[WhiteFideId "13313754"]
[BlackFideId "4150457"]
[WhiteElo "2584"]
[BlackElo "2219"]
[Result "1-0"]
[Round "1"]
[TimeControl "180+2"]
[Date "2023.06.27"]
[WhiteClock "0:00:25"]
[BlackClock "0:00:00"]
[Board "155"]

1. d4 d5 2. Nf3 Nf6 3. g3 e6 4. Bg2 Be7 5. O-O O-O 6. c4 dxc4 7. Qc2 a6 8. a4 Nc6 9. Qxc4 Na5 10. Qc2 Bd7 11. Ne5 Nd5 12. Nxd7 Qxd7 13. Bd2 Nc6 14. e3 Rac8 15. Nc3 Ncb4 16. Qb1 c5 17. dxc5 Rxc5 18. Rd1 Rfc8 19. e4 Nf6 20. Be3 Qc7 21. Bxc5 Bxc5 22. h3 h5 23. Na2 Nxa2 24. Rxa2 Qxg3 25. b4 Bb6 26. Qd3 Qe5 27. Kh1 Rc3 28. Qd6 Bc7 29. Qxe5 Bxe5 30. b5 axb5 31. axb5 Rb3 32. Ra8+ Kh7 33. Ra5 Kg6 34. b6 Bf4 35. Rg1 1-0


[Site "https://www.chess.com"]

[Event "Titled Tuesday Blitz June 27 Late 2023"]
[White "Fernandez Hernandez, Gerardo"]
[Black "Przybylski, Wojciech"]
[WhiteFideId "2207400"]
[BlackFideId "1117599"]
[WhiteElo "2217"]
[BlackElo "2582"]
[Result "0-1"]
[Round "1"]
[TimeControl "180+2"]
[Date "2023.06.27"]
[WhiteClock "0:00:00"]
[BlackClock "0:00:02"]
[Board "156"]

1. e4 e5 2. Nf3 Nc6 3. Bc4 Nf6 4. Ng5 d5 5. exd5 Na5 6. Bb5+ c6 7. dxc6 bxc6 8. Bd3 h6 9. Ne4 Nd5 10. O-O Be7 11. Re1 O-O 12. Ng3 Qc7 13. Nc3 f5 14. Bf1 Bb7 15. d3 Rae8 16. Bd2 Nf4 17. a3 c5 18. Nb5 Qc6 19. Bxa5 Nh3+ 20. gxh3 Bh4 21. Nd6 Qxd6 22. Bg2 Bxg2 23. Kxg2 Qc6+ 24. Qf3 e4 25. dxe4 fxe4 26. Qe2 e3+ 27. f3 c4 28. Bb4 Rf4 29. Ne4 Re6 30. Qxe3 Rg6+ 31. Ng3 Rff6 32. Qe8+ Kh7 33. Re7 Qd5 34. Re4 Qg5 35. Rg4 Qd5 36. Qe2 Bxg3 37. hxg3 Re6 0-1


[Site "https://www.chess.com"]

[Event "Titled Tuesday Blitz June 27 Late 2023"]
[White "Ballester Llagaria, Luis Eduardo"]
[Black "Vila Dupla, Aurelio"]
[WhiteFideId "2297620"]
[BlackFideId "2203383"]
[WhiteElo "2578"]
[BlackElo "2213"]
[Result "1-0"]
[Round "1"]
[TimeControl "180+2"]
[Date "2023.06.27"]
[WhiteClock "0:02:18"]
[BlackClock "0:00:00"]
[Board "157"]

1. e4 c5 2. Nc3 d6 3. d4 cxd4 4. Qxd4 Nc6 5. Qd2 Nf6 6. b3 e6 7. Bb2 d5 8. O-O-O Bb4 9. exd5 Nxd5 10. Nge2 O-O 11. a3 Nxc3 12. Nxc3 Qxd2+ 13. Rxd2 Bc5 14. Ne4 Be7 15. g3 b6 16. Nd6 Bxd6 17. Rxd6 Bb7 18. Bg2 Rac8 19. Rhd1 Rfd8 20. Bxc6 Rxd6 21. Bxb7 Rxd1+ 22. Kxd1 Rd8+ 23. Ke2 f6 24. c4 Kf7 25. Be4 g6 26. b4 Rc8 27. Bd3 a5 28. Bd4 axb4 29. axb4 Rb8 30. c5 e5 31. Be3 bxc5 32. Bxc5 f5 33. Bc4+ Kf6 34. Kd3 Rd8+ 35. Kc3 Rd1 36. b5 Rc1+ 37. Kb4 e4 38. b6 1-0


[Site "https://www.chess.com"]

[Event "Titled Tuesday Blitz June 27 Late 2023"]
[White "Bazzano, Sebastian"]
[Black "Sargsyan, Anna M."]
[WhiteFideId "104566"]
[BlackFideId "13308130"]
[WhiteElo "2209"]
[BlackElo "2578"]
[Result "0-1"]
[Round "1"]
[TimeControl "180+2"]
[Date "2023.06.27"]
[WhiteClock "0:00:00"]
[BlackClock "0:01:29"]
[Board "158"]

1. d4 d5 2. Bf4 Nf6 3. e3 c6 4. c3 Bf5 5. Nd2 e6 6. Ngf3 Be7 7. Ne5 h6 8. Be2 Nbd7 9. O-O O-O 10. Rc1 Nxe5 11. Bxe5 Rc8 12. c4 Ne4 13. Nxe4 Bxe4 14. Bd3 Bxd3 15. Qxd3 Qa5 16. a3 Rfd8 17. c5 b6 18. b4 Qa4 19. Bg3 Ra8 20. h3 Rdc8 21. Rc3 Bd8 22. Rfc1 a5 23. cxb6 Bxb6 24. bxa5 Bxa5 25. Rc5 Bd8 26. Kh2 Be7 27. R5c3 Ra6 28. Rb1 Rca8 29. Rcb3 g6 30. Rb8+ Kg7 0-1


[Site "https://www.chess.com"]